cohdb
Replays
Latest Replays
All Replays
Popular Replays
Top Player Replays
Match Explorer
How It Works
Community
CoH3 Stats
Reddit
Sign in to upload your games and track your stats! →
Sign in with Steam
Match 41108318
Unlisted
Match 41108318
Overview
Messages
Build Orders
End
Construct Weapon Support Center
Selects Airborne Battlegroup
Selects Pathfinders
Bazooka Squad
Pathfinder Squad
Selects Paratrooper Squad Paradrop
Paratrooper Squad Paradrop
Air Support Center
Bazooka Squad
M3 Armored Personnel Carrier
Engineer Squad
Jarl.Føbi©
Voudou Pete
wailpsn
Stalker Kulawy
BIOHAZARD
=BIA=Daghito
Andreuz
Giovanni
0
0
Comments
sign in to comment!
No comments posted yet!